AoeStats
← choka60

Oasis

509941234Analyzed
2v2 RM · 2d ago on Sep 28, 2026· 58m 13s· 4 players
Game mode
Random Map
Map size
Medium (4 player)
Population
200
Speed
Normal
Resources
Standard
Victory
Conquest
Starting age
Dark Age
Ending age
Imperial Age
RankedLock teamsTeams togetherTeam positionsShared explorationLock speedFull tech treeHidden civsTurbo modeCheats
Victory
Defeat
🇩🇪 Saracens · Germany
1281
+16
🇩🇪 Koreans · Germany
1228
+18
🇩🇪 Magyars · Germany
1280
-17
🇨🇦 Franks · Canada
1270
-17
Zufällig
3:24 Loom
11:45 Feudal Age
12:12 Double-Bit Axe
14:01 Horse Collar
18:01 Castle Age
16:36 Stone Mining
17:18 Gold Mining
17:21 Fletching
18:45 Forging
18:10 Elite Skirmisher
19:41 Pikeman
25:25 Bow Saw
26:47 Wheelbarrow
26:31 Heavy Plow
29:25 Hand Cart
32:01 Iron Casting
31:26 Scale Mail Armor
34:57 Imperial Age
32:56 Squires
33:01 Bodkin Arrow
33:56 Chain Mail Armor
34:09 Ballistics
34:55 Gold Shaft Mining
34:55 Stone Shaft Mining
34:45 Masonry
34:52 Treadmill Crane
35:22 Caravan
36:42 Two-Man Saw
36:09 Conscription
37:12 Chemistry
35:37 Halberdier
37:06 Plate Mail Armor
37:06 Arrowslits
37:46 Eupseong
37:59 Bracer
38:50 Stone Shaft Mining
38:19 Murder Holes
38:05 Elite Fire Lancer
40:20 Guilds
40:41 Coinage
41:35 Thumb Ring
42:22 Shinkichon
41:50 Arson
45:39 Heavy Rocket Cart
48:25 Banking
48:18 Husbandry
47:38 Cavalier
47:39 Light Cavalry
49:39 Capped Ram
50:49 Scale Barding Armor
50:51 Siege Engineers
51:16 Architecture
50:57 Fortified Wall
50:37 Heated Shot
50:38 Hussar
55:25 Chain Barding Armor
Tisle
6:06 Loom
11:09 Feudal Age
19:19 Castle Age
17:49 Double-Bit Axe
21:01 Horse Collar
22:20 Wheelbarrow
22:26 Fletching
25:54 Forging
37:10 Imperial Age
35:06 Scale Barding Armor
36:11 Bloodlines
36:14 Padded Archer Armor
36:37 Ballistics
36:49 Crossbowman
38:45 Bodkin Arrow
39:32 Elite Mameluke
40:34 Leather Archer Armor
41:37 Bracer
42:07 Ring Archer Armor
42:55 Thumb Ring
42:11 Elite Skirmisher
44:50 Conscription
44:46 Onager
45:51 Heavy Plow
45:49 Light Cavalry
48:37 Iron Casting
49:41 Chain Barding Armor
50:11 Caravan
51:01 Hussar
51:29 Heavy Camel Rider
52:36 Hand Cart
Bartos
6:46 Loom
6:50 Loom
9:41 Feudal Age
10:41 Double-Bit Axe
12:32 Horse Collar
17:15 Wheelbarrow
20:20 Castle Age
18:23 Stone Mining
19:30 Gold Mining
20:10 Scale Mail Armor
21:01 Pikeman
23:03 Chain Mail Armor
25:15 Bow Saw
25:06 Heavy Plow
26:31 Hand Cart
27:47 Fletching
28:10 Elite Skirmisher
29:45 Bodkin Arrow
29:50 Padded Archer Armor
31:00 Ballistics
30:30 Town Watch
32:02 Leather Archer Armor
36:01 Imperial Age
33:57 Thumb Ring
35:36 Corvinian Army
35:49 Bloodlines
35:39 Husbandry
35:47 Scale Barding Armor
36:03 Capped Ram
36:09 Halberdier
37:58 Chemistry
36:54 Murder Holes
36:58 Light Cavalry
37:42 Bracer
39:06 Ring Archer Armor
39:27 Town Patrol
41:12 Arson
43:35 Conscription
43:33 Hussar
44:51 Coinage
44:22 Caravan
45:06 Chain Barding Armor
53:00 Elite Magyar Huszar
54:18 Hoardings
choka60
6:55 Loom
9:07 Feudal Age
13:39 Double-Bit Axe
16:27 Wheelbarrow
19:04 Castle Age
17:29 Gold Mining
19:18 Scale Barding Armor
20:03 Town Watch
21:43 Bow Saw
25:04 Forging
28:07 Chain Barding Armor
28:39 Hand Cart
29:44 Stone Mining
35:32 Imperial Age
34:35 Iron Casting
34:41 Gold Shaft Mining
34:14 Caravan
35:22 Padded Archer Armor
35:13 Fletching
35:47 Ballistics
35:38 Masonry
35:07 Elite Skirmisher
36:25 Leather Archer Armor
37:38 Bodkin Arrow
38:45 Chemistry
38:16 Architecture
39:19 Blast Furnace
38:21 Scale Mail Armor
41:33 Ordonnance Companies
41:40 Cranequins
43:24 Heavy Mounted Crossbowman
44:29 Conscription
48:44 Husbandry
51:32 Siege Engineers
53:22 Plate Barding Armor
52:31 Cavalier
57:42 Paladin
Connection lost

Rejoining the realm…

Still unreachable

The connection could not be restored.

Session expired

The server has moved on; the page needs a fresh start.